 Dungeon Crawl Stone Soup version 0.30-a0-840-ga523dec638 (webtiles) character file.

Game seed: 9094932599006419249

13982 Lobster4 the Nimble (level 12, -1/92 HPs)
             Began as a Merfolk Ice Elementalist on Mar 2, 2023.
             Was a High Priest of Okawaru.
             Slain by a catoblepas (9 damage)
             ... while petrified by a catoblepas
             ... on level 10 of the Dungeon.
             The game lasted 00:49:10 (12811 turns).

Lobster4 the Nimble (Merfolk Ice Elementalist)     Turns: 12811, Time: 00:49:10

Health: -1/92      AC: 19    Str: 13    XL:     12   Next: 11%
Magic:  12/22      EV:  2    Int: 19    God:    Okawaru [*****.]
Gold:   435        SH:  0    Dex: 15    Spells: 17/25 levels left

rFire   . . .      SeeInvis .    r - +5 halberd "Isecaaca" {flame, rElec Str+2}
rCold   + + .      Faith    .    (shield currently unavailable)
rNeg    + + +      Spirit   .    f - +0 toga "Victory" {*Victory Clar}
rPois   ∞          Reflect  .    n - +2 hat {Int+3}
rElec   +          Harm     .    G - +0 cloak
rCorr   .          Rampage  .    l - +0 pair of gloves
Will    +....      Clarity  +    (no boots)
Stlth   +++                      (no amulet)
HPRegen 0.35/turn                v - +4 ring of protection
MPRegen 0.18/turn                e - ring "Jeg Kot" {rC++ Will+ Stlth+}

@: ice-armoured, petrified, freezing walls
A: (nimble swimmer 2), mertail
a: Renounce Religion, Heroism, Finesse, Duel


You were on level 10 of the Dungeon.
You worshipped Okawaru.
Okawaru was extremely pleased with you.
You visited 3 branches of the dungeon, and saw 13 of its levels.

You collected 1215 gold pieces.
You spent 780 gold pieces at shops.

Inventory:

Hand Weapons
 a - the +1 spear of Pearoun {protect, rElec rN+ Dex-2}
   (You found it on level 3 of the Dungeon)

   Dex:       It affects your dexterity (-2).
   rElec:     It insulates you from electricity.
   rN:        It protects you from negative energy.
 b - a +0 sling
 d - a +1 spear of venom
 i - a +4 falchion
 k - a +0 shortbow
 r - the +5 halberd "Isecaaca" (weapon) {flame, rElec Str+2}
   (Okawaru gifted it to you on level 10 of the Dungeon)

   Str:       It affects your strength (+2).
   rElec:     It insulates you from electricity.
 z - the +6 trident "Zeiqeuno" {holy, Str+5}
   (You found it on level 10 of the Dungeon)

   Str:       It affects your strength (+5).
 I - a +1 trident of freezing
 N - the +5 quarterstaff of Ashenzari's Delight {flame, rElec Str-4 Dex+4 Stlth-}
   (You found it on level 8 of the Dungeon)

   Str:       It affects your strength (-4).
   Dex:       It affects your dexterity (+4).
   rElec:     It insulates you from electricity.
   Stlth:     It makes you less stealthy.
Missiles
 C - 5 boomerangs (quivered)
 E - 27 poisoned darts
 P - a curare-tipped dart
Armour
 f - the +0 toga "Victory" (worn) {*Victory Clar}
   (You bought it in a shop on level 3 of the Dungeon)

   *Victory:  When the wearer kills a threatening monster, it has a chance to
   gain +1 AC, +1 Slay, and +1 Int, capping at +7.
   When the wearer uses a scroll or a potion with a hostile monster in sight,
   its bonuses reset to +0.
   Unequipping it also resets its bonuses to +0.
   Clar:      It protects you against confusion.
 l - a +0 pair of gloves (worn)
 n - a +2 hat of intelligence (worn)
 D - the +5 ring mail "Tyon" {rF- rC+ Str+4}
   (You found it on level 5 of the Dungeon)

   Str:       It affects your strength (+4).
   rF:        It makes you vulnerable to fire.
   rC:        It protects you from cold.
 G - a +0 cloak (worn)
 H - a +0 robe of fire resistance
 L - +0 steam dragon scales
Jewellery
 e - the ring "Jeg Kot" (right hand) {rC++ Will+ Stlth+}
   (You acquired it on level 8 of the Dungeon)

   [ring of willpower]

   rC:        It greatly protects you from cold.
   Will:      It increases your willpower.
   Stlth:     It makes you more stealthy.
 m - a ring of ice
 v - a +4 ring of protection (left hand)
 R - a ring of magical power
Wands
 o - a wand of mindburst (4)
 x - a wand of quicksilver (2)
 O - a wand of flame (8)
Scrolls
 g - 2 scrolls of amnesia
 p - 2 scrolls of immolation
 t - 2 scrolls of enchant armour {unknown}
 u - a scroll of summoning
 y - a scroll of poison
 A - 7 scrolls of teleportation
 B - 2 scrolls of magic mapping
 Q - a scroll of identify
 S - a scroll of fear
Potions
 c - 4 potions of magic
 h - 4 potions of ambrosia
 j - 6 potions of brilliance
 q - 3 potions of berserk rage
 s - 4 potions of heal wounds
 w - 2 potions of haste
 F - 3 potions of curing
 J - 2 potions of cancellation {unknown}
 K - 2 potions of lignification {unknown}
 M - 3 potions of flight {unknown}


   Skills:
 + Level 8.0 Fighting
 + Level 9.6 Polearms
 - Level 1.0 Ranged Weapons
 - Level 4.0 Throwing
 - Level 5.0 Armour
 + Level 10.0 Dodging
 - Level 2.1 Stealth
 + Level 7.2 Spellcasting
 + Level 2.4 Conjurations
 + Level 9.2 Ice Magic
 + Level 2.5 Earth Magic
 - Level 5.0 Invocations
 - Level 3.0 Evocations


You had 17 spell levels left.
You knew the following spells:

 Your Spells              Type           Power      Damage    Failure   Level
a - Freeze                Ice            100%       1d10      1%          1
b - Frozen Ramparts       Ice            84%        1d13      1%          3
c - Sandblast             Erth           32%        2d9       3%          1
d - Ozocubu's Armour      Ice            42%        N/A       1%          3

Your spell library contained the following spells:

 Spells                   Type           Power      Damage    Failure   Level
 Ensorcelled Hibernation  Hex/Ice        48%        N/A       2%          2
 Passwall                 Tmut/Erth      9%         N/A       9%          2
 Stone Arrow              Conj/Erth      32%        3d9       11%         3
 Lesser Beckoning         Tloc           12%        N/A       16%         2
 Gell's Gravitas          Tloc           6%         N/A       30%         3
 Portal Projectile        Hex/Tloc       12%        N/A       30%         3
 Swiftness                Air            6%         N/A       30%         3
 Teleport Other           Tloc           6%         N/A       30%         3
 Metabolic Englaciation   Hex/Ice        12%        N/A       38%         5
 Leda's Liquefaction      Hex/Erth       5%         N/A       50%         4
 Lee's Rapid Deconstruct  Erth           8%         3d7*      67%         5
 Blade Hands              Tmut           3%         N/A       95%         5
 Statue Form              Tmut/Erth      7%         N/A       100%        6
 Summon Ice Beast         Ice/Summ       Unusable   N/A       N/A         4
 Tukima's Dance           Hex            Unusable   N/A       N/A         3
 Simulacrum               Ice/Necr       Unusable   N/A       N/A         6

Dungeon Overview and Level Annotations

Branches:
Dungeon (11/15)            Temple (1/1) D:4            Lair (1/5) D:10
    Orc: D:9-12

Altars:
Ashenzari
Cheibriados
Dithmenos
Elyvilon
Fedhas
Gozag
Hepliaklqana
Kikubaaqudgha
Makhleb
Nemelex Xobeh
Okawaru
Qazlal
Ru
Sif Muna
Trog
Uskayaw
Vehumet
Wu Jian
Xom
Yredelemnul
Zin
The Shining One

Shops:
D:3 ([(   D:5 (

Annotations:
D:4 Menkaure
D:9 1 exclusion
D:10 exclusion: wizard, Snorg


Innate Abilities, Weirdness & Mutations

((You are very nimble when in or above water. (Stealth+, EV+, Speed+++)))
Your lower body shifts to a powerful aquatic tail in water.


Message History

* * * LOW HITPOINT WARNING * * *
Okay, then.
You feel much better.
The wall freezes the catoblepas.
The catoblepas misses you.
Casting: Frozen Ramparts (safe; 1% risk of failure)
Confirm with . or Enter, or press ? or * to list all spells.
A film of ice covers your body!
The wall freezes the catoblepas but does no damage.
The catoblepas breathes a plume of calcifying dust at you.
The blast of calcifying dust hits you but does no damage.
Unknown command.
You slash the catoblepas! You burn the catoblepas.
The catoblepas is heavily wounded.
You are engulfed in calcifying dust.
You are slowing down.
The wall freezes the catoblepas!
The catoblepas gores you!
Unknown command.
Unknown command.
Unknown command.
Unknown command.
Unknown command.
You hit the catoblepas. You burn the catoblepas.
The catoblepas is severely wounded.
You are engulfed in calcifying dust.
The wall freezes the catoblepas.
The catoblepas gores you!
* * * LOW HITPOINT WARNING * * *
Your limbs are stiffening.
You puncture the catoblepas! You burn the catoblepas.
The catoblepas is almost dead.
You are engulfed in calcifying dust.
The wall freezes the catoblepas but does no damage.
The catoblepas barely misses you.
The wall freezes the catoblepas but does no damage.
The catoblepas gores you!!
* * * LOW HITPOINT WARNING * * *
You have turned to stone.
You are engulfed in calcifying dust.
The wall freezes the catoblepas but does no damage.
The catoblepas gores you!!
You die...

+.......# ##.P...PP###
#.......# ##...P.P....##
#......####..PP......P.#
#.....[')..PP.P....P.P.##
###...##)...P.P...P.P.P.#
..#+#.##...P...####P....##
....####..P...P#.>#...P..#
......##....P..#Y÷#......#
.....##........#@##...PP.#
.....'.......P..§........#
....#######.P.P.....PP.#.#
....# ####....P§.P......###
+#######...#......P........#
.####....#>..#......######.#
......####.######.#<....##.#
####### #.# #.#####.##.# #.#
#.......##.#


You could see a catoblepas.

Vanquished Creatures
  Gastronok (D:9)
  5 two-headed ogres
  A gargoyle (D:11)
  3 kobold demonologists
  Grinder (D:5)
  Sigmund (D:3)
  20 yaks
  Eustachio (D:4)
  Grum (D:10)
  A steam dragon (D:8)
  A basilisk (Lair:1)
  3 vampire mosquitoes (D:6)
  An acid dragon (D:11)
  4 water moccasins
  4 orc warriors
  2 sky beasts
  3 ice beasts
  5 centaurs
  3 ogres
  2 wolves (D:10)
  A phantom (D:6)
  3 kobold brigands
  Blork the orc (D:5)
  8 bullfrogs
  2 necrophages
  4 scorpions
  9 wights
  6 orc priests
  2 hounds
  4 jellies
  Jessica (D:3)
  Ijyb (D:3)
  2 iguanas
  Natasha (thrice) (D:3)
  6 orc wizards
  Robin (D:4)
  10 adders
  A shadow imp (D:6)
  2 white imps (D:6)
  5 worms
  A dart slug (D:1)
  30 orcs
  6 bats
  9 endoplasms
  A giant cockroach (D:1)
  17 goblins
  7 hobgoblins
  5 quokkas
  9 ball pythons
  2 frilled lizards (D:1)
  17 kobolds
  10 rats
249 creatures vanquished.

Vanquished Creatures (others)
  A tengu warrior (D:9)
  An ugly thing (D:9)
  An orc wizard (D:9)
  5 fungi (D:10)
  8 plants
16 creatures vanquished.

Grand Total: 265 creatures vanquished

Notes
Turn   | Place    | Note
-------+----------+-------------------------------------------
     0 | D:1      | Lobster4 the Merfolk Ice Elementalist began the quest for
                  | the Orb.
     0 | D:1      | Reached XP level 1. HP: 13/13 MP: 3/3
    51 | D:1      | Reached XP level 2. HP: 20/20 MP: 5/5
   183 | D:1      | Reached skill level 3 in Dodging
   235 | D:1      | Reached skill level 1 in Fighting
   331 | D:1      | Reached XP level 3. HP: 26/26 MP: 6/6
   586 | D:1      | Found a faded altar of an unknown god.
   591 | D:1      | Learned a level 3 spell: Frozen Ramparts
   841 | D:2      | Reached skill level 1 in Armour
   975 | D:2      | Reached XP level 4. HP: 32/32 MP: 7/7
  1039 | D:2      | Identified the -1 kite shield of the Lute {Rampage rCorr}
  1236 | D:2      | Learned a level 3 spell: Ozocubu's Armour
  1302 | D:3      | Found a broken altar of Ashenzari.
  1325 | D:3      | Identified the +1 spear of Pearoun {protect, rElec rN+
                  | Dex-2}
  1383 | D:3      | Found Laacio's Antique Weapon Shop.
  1402 | D:3      | Found a hide-covered altar of Uskayaw.
  1421 | D:3      | Noticed Jessica
  1428 | D:3      | Killed Jessica
  1429 | D:3      | Reached skill level 1 in Ranged Weapons
  1452 | D:3      | Noticed Sigmund
  1601 | D:3      | Found Qokhoec's Weapon Boutique.
  1602 | D:3      | Noticed Ijyb
  1679 | D:2      | Reached skill level 5 in Fighting
  1679 | D:2      | Reached skill level 6 in Dodging
  1679 | D:2      | Reached skill level 5 in Spellcasting
  1679 | D:2      | Reached XP level 5. HP: 44/44 MP: 7/12
  1768 | D:3      | Killed Ijyb
  1769 | D:3      | Reached skill level 7 in Dodging
  1769 | D:3      | Reached XP level 6. HP: 50/51 MP: 13/13
  1789 | D:3      | Found Cynomois's Armour Boutique.
  1799 | D:3      | Noticed Natasha
  1855 | D:3      | Killed Natasha
  1903 | D:3      | Killed Sigmund
  2004 | D:3      | Noticed Natasha
  2011 | D:3      | Killed Natasha
  2012 | D:3      | Reached XP level 7. HP: 53/56 MP: 7/14
  2131 | D:3      | Noticed Natasha
  2153 | D:3      | Killed Natasha
  2376 | D:4      | Noticed Robin
  2389 | D:4      | Killed Robin
  2449 | D:4      | Noticed Menkaure
  2773 | D:4      | Found a staircase to the Ecumenical Temple.
  2836 | Temple   | Entered the Ecumenical Temple
  2908 | D:4      | Reached skill level 1 in Evocations
  3137 | D:4      | Reached XP level 8. HP: 63/63 MP: 9/16
  3344 | D:4      | Noticed Eustachio
  3357 | D:4      | Killed Eustachio
  3708 | D:5      | Entered Level 5 of the Dungeon
  3710 | D:5      | Noticed Blork the orc
  3719 | D:5      | Killed Blork the orc
  3820 | D:5      | Noticed Grinder
  3942 | D:5      | Killed Grinder
  4095 | D:5      | Found an iron altar of Okawaru.
  4110 | D:5      | Became a worshipper of Warmaster Okawaru
  4172 | D:5      | Reached skill level 1 in Throwing
  4314 | D:5      | Found a snail-covered altar of Cheibriados.
  4346 | D:5      | Reached XP level 9. HP: 69/69 MP: 13/17
  4458 | D:5      | Found a radiant altar of Vehumet.
  4471 | D:5      | Found Heokoeso's Antique Weapon Emporium.
  4618 | D:5      | Identified the +5 ring mail "Tyon" {rF- rC+ Str+4}
  4791 | D:6      | Reached * piety under Okawaru
  4792 | D:6      | Reached skill level 1 in Invocations
  5116 | D:6      | Reached skill level 8 in Dodging
  5486 | D:6      | Found a sparkling altar of Nemelex Xobeh.
  6002 | D:7      | Noticed a two-headed ogre
  6017 | D:7      | Killed a two-headed ogre
  6017 | D:7      | Reached ** piety under Okawaru
  6018 | D:7      | Reached XP level 10. HP: 60/77 MP: 8/19
  6341 | D:7      | Found a shadowy altar of Dithmenos.
  7294 | D:7      | Found a burning altar of Makhleb.
  7656 | D:8      | Identified a scroll of acquirement
  7656 | D:8      | Acquired the ring "Jeg Kot" {rC++ Will+ Stlth+}
  7761 | D:8      | Found a shimmering blue altar of Sif Muna.
  7779 | D:8      | Found a hazy altar of Hepliaklqana.
  8215 | D:8      | Found a blossoming altar of Fedhas.
  8232 | D:8      | Identified the +5 quarterstaff of Ashenzari's Delight
                  | {flame, rElec Str-4 Dex+4 Stlth-}
  8511 | D:9      | Noticed a kobold demonologist
  8511 | D:9      | Noticed a kobold demonologist
  8818 | D:9      | Reached *** piety under Okawaru
  8836 | D:9      | Noticed a centaur warrior
  8837 | D:9      | Noticed a boulder beetle
  8837 | D:9      | Noticed a tengu warrior
  8846 | D:9      | Noticed a centaur warrior
  8847 | D:9      | Noticed a wizard
  8857 | D:9      | Noticed a tengu warrior
  8868 | D:9      | Noticed a purple ugly thing
  8948 | D:9      | Killed a purple ugly thing
  8964 | D:9      | Killed a tengu warrior
  9139 | D:9      | Reached skill level 9 in Dodging
  9239 | D:9      | Found an ancient bone altar of Kikubaaqudgha.
  9240 | D:9      | Noticed Gastronok
  9280 | D:9      | Killed Gastronok
  9280 | D:9      | Reached **** piety under Okawaru
  9281 | D:9      | Reached skill level 5 in Armour
  9281 | D:9      | Reached XP level 11. HP: 59/84 MP: 2/20
  9298 | D:9      | Learned a level 1 spell: Sandblast
  9603 | D:10     | Entered Level 10 of the Dungeon
  9735 | D:10     | Identified the +10 short sword of Blood-Lust {freeze,
                  | Stlth+}
 10247 | D:10     | Reached skill level 1 in Conjurations
 10247 | D:10     | Noticed a two-headed ogre
 10258 | D:10     | Killed a two-headed ogre
 10258 | D:10     | Reached ***** piety under Okawaru
 10259 | D:10     | Reached skill level 1 in Earth Magic
 10446 | D:10     | Noticed Snorg
 10495 | D:10     | Found a staircase to the Lair.
 10698 | D:10     | Identified the +6 trident "Zeiqeuno" {holy, Str+5}
 10782 | D:10     | Noticed a two-headed ogre
 10811 | D:10     | Killed a two-headed ogre
 10943 | D:10     | Acquired 599 gold pieces
 10950 | D:10     | Noticed Grum
 10966 | D:10     | Killed Grum
 11116 | D:10     | Noticed a two-headed ogre
 11124 | D:10     | Killed a two-headed ogre
 11124 | D:10     | Identified the +5 halberd "Isecaaca" {flame, rElec Str+2}
                  | (Okawaru gifted it to you on level 10 of the Dungeon)
 11124 | D:10     | Received a gift from Okawaru
 11125 | D:10     | Reached skill level 5 in Invocations
 11227 | D:10     | Found a glowing silver altar of Zin.
 11309 | D:10     | Found a sacrificial altar of Ru.
 11365 | D:10     | Noticed a wizard
 11676 | D:11     | Noticed a two-headed ogre
 11693 | D:11     | Killed a two-headed ogre
 11905 | D:11     | Reached XP level 12. HP: 48/92 MP: 12/22
 12184 | Lair:1   | Entered Level 1 of the Lair of Beasts
 12349 | D:3      | Bought the +0 toga "Victory" {*Victory Clar} for 780 gold
                  | pieces
 12349 | D:3      | Found the +0 toga "Victory" {*Victory Clar}
 12483 | Lair:1   | Noticed a catoblepas
 12497 | D:10     | Reached skill level 10 in Dodging
 12811 | D:10     | Slain by a catoblepas

Illustrated notes

Levels and vault maps discovered:
D:1:      psy_arrival_dodecagon, layout_rooms, hellmonk_ecumenical_altar_blasted
D:2:      layout_rooms
D:3:      layout_rooms, mainiacjoe_overflow_alcove_1, evilmike_ruin_ashenzari,
          serial_shops, shop_fountains, shop, nicolae_shop_bloodbath_and_beyond,
          uniq_natasha, uniq_ijyb, uniq_sigmund, uniq_jessica
D:4:      layout_loops_ring, minmay_temple_entry_drinking_statues,
          uniq_eustachio, uniq_menkaure, uniq_robin
D:5:      layout_basic, mainiacjoe_overflow_catch_the_wave,
          kennysheep_mini_moat, kennysheep_small_square, uniq_grinder,
          uniq_blork_the_orc
D:6:      layout_rooms, nemelex_spade_bored_becter, palyth_stone_intersect
D:7:      layout_layer_cave, nicolae_dithmenos_shadow_blocks, bloody_makhleb
D:8:      layout_gridville, nicolae_hepliaklqana_hazy_memory,
          mainiacjoe_overflow_paths, mainiacjoe_overflow_surrounded_room
D:9:      layout_roguey, mainiacjoe_overflow_tiny_flanked, minivault_12,
          uniq_gastronok
D:10:     nicolae_cairo_tiling_very_big, layout_basic,
          mainiacjoe_overflow_small_starburst, nicolae_ru_the_path_less_chosen,
          grunt_lair_entry_orc_guard_hut, uniq_grum, uniq_snorg
D:11:     layout_long_grid, orc_0_dummy, nicolae_trove_entry_path_of_doom
Temple:   nicolae_temple_ecumenical_triangle
Lair:1:   layout_concentric_octagons, grunt_megastairs_4

Skill      XL: |  1  2  3  4  5  6  7  8  9 10 11 12 |
---------------+-------------------------------------+-----
Dodging        | 3 6 7 8 9 10 | 10.0
Fighting       | 1 5 6 7 8 |  8.0
Armour         | 1 3 4 5 |  5.0
Ranged Weapons | 1 |  1.0
Polearms       | 6 7 8 9 |  9.6
Spellcasting   | 5 6 7 |  7.2
Ice Magic      | 6 7 8 9 |  9.2
Evocations     | 1 2 3 |  3.0
Throwing       | 1 2 3 4 |  4.0
Invocations    | 2 4 5 |  5.0
Conjurations   | 2 |  2.4
Earth Magic    | 2 |  2.5
Stealth        | |  2.1

Action                     |  1- 3 |  4- 6 |  7- 9 | 10-12 || total
---------------------------+-------+-------+-------+-------++-------
  Melee: Spear             |       |    22 |   268 |   373 ||   663
         Punch             |       |       |     5 |     3 ||     8
         Halberd           |       |       |       |    12 ||    12
   Fire: Sling             |    89 |    43 |    18 |       ||   150
  Throw: Dart              |       |       |     4 |     9 ||    13
         Boomerang         |       |       |     2 |    25 ||    27
   Cast: Freeze            |    28 |     9 |    27 |    77 ||   141
         Frozen Ramparts   |       |     4 |    33 |    62 ||    99
         Ozocubu's Armour  |       |     2 |    40 |    50 ||    92
  Evoke: Wand              |       |       |    26 |    12 ||    38
    Use: Scroll            |       |     7 |     7 |     9 ||    23
         Potion            |       |     2 |       |     2 ||     4
   Stab: Sleeping          |       |     1 |     5 |     2 ||     8
         Distracted        |       |       |       |     1 ||     1
 Armour: Robe              |     9 |    10 |    90 |    39 ||   148
         Steam dragon scal |       |       |       |    95 ||    95
  Dodge: Dodged            |    33 |    20 |   172 |   283 ||   508

Table legend: (Time is in decaauts)
 A = Elapsed time spent in this place.
 B = Non-inter-level travel time spent in this place.
 C = Inter-level travel time spent in this place.
 D = Time resting spent in this place.
 E = Time spent auto-exploring this place.
 F = Levels seen in this place.
 G = Mean time per level.
                   A        B        C        D        E       F      G
               +--------+--------+--------+--------+--------+-----+--------+
         Total |  12733 |  11929 |    804 |    976 |   8350 |  13 |  979.5 |
       Dungeon |  12645 |  11861 |    784 |    976 |   8328 |  11 | 1149.5 |
        Temple |     43 |     26 |     17 |      0 |     19 |   1 |   43.0 |
          Lair |     44 |     42 |      2 |      0 |      3 |   1 |   44.0 |
               +--------+--------+--------+--------+--------+-----+--------+

Top non-repeatable levels by time:
    D:10: 2222 daAuts
     D:7: 1836 daAuts
     D:4: 1333 daAuts
     D:9: 1088 daAuts
     D:6: 1080 daAuts
     D:5: 1055 daAuts
     D:8: 983 daAuts
     D:3: 926 daAuts
     D:2: 797 daAuts
     D:1: 695 daAuts
    D:11: 625 daAuts
  Lair:1: 44 daAuts
  Temple: 43 daAuts
